 Dungeon Crawl Stone Soup version 0.21.2-1-g0862bd23eb (console) character file.

39214 CALLOUS the Warrior (level 14, -7/138 HPs)
             Began as a Hill Orc Monk on Oct 10, 2019.
             Was a High Priest of Beogh.
             Mangled by a wyvern (13 damage)
             ... on level 15 of the Dungeon on Oct 12, 2019.
             The game lasted 13:19:31 (32497 turns).

CALLOUS the Warrior (Hill Orc Monk)                Turns: 32497, Time: 13:19:32

Health: -7/138     AC: 15    Str: 23    XL:     14   Next: 5%
Magic:  19/23      EV:  9    Int: 10    God:    Beogh [*****.]
Gold:   1202       SH:  0    Dex: 13    Spells: 1/13 levels left

rFire    x . .     SeeInvis .   a - +2 longbow (freeze)
rCold    + . .     Gourm    .   (shield currently unavailable)
rNeg     + . .     Faith    .   I - +4 chain mail
rPois    .         Spirit   .   t - +0 helmet
rElec    .         Reflect  .   m - scarf {cloud immunity}
rCorr    .         Harm     .   (no gloves)
MR       +....                  K - +0 pair of boots
Stlth    ..........             U - amulet of magic regeneration
HPRegen  0.33/turn              o - ring of Due Proportion {Ice +Blink rN+}
MPRegen  0.43/turn              E - +4 ring of strength

@: corroded
A: walk on water
a: Smiting, Recall Orcish Followers, Give Item to Named Follower, Renounce
Religion, Evoke Blink


You were on level 15 of the Dungeon.
You worshipped Beogh.
Beogh was extremely pleased with you.
You were not hungry.

You visited 3 branches of the dungeon, and saw 18 of its levels.
You also visited: Ossuary and Ice Cave.

You collected 1508 gold pieces.
You spent 306 gold pieces at shops.

Inventory:

Hand Weapons
 a - a +2 longbow of freezing (weapon)
 b - a +2 battleaxe of freezing
 C - the +7 halberd of Cheese {antimagic, rElec}
   (You found it on level 12 of the Dungeon)

   It reduces the magical energy of the wielder, and disrupts the spells and
   magical abilities of those hit.
   Natural abilities and divine invocations are not affected.
   It insulates you from electricity.
 F - a +4 scimitar of flaming
 J - a +1 hand axe of draining
 O - a +3 dagger
 S - a +6 flail of crushing
 T - a +0 hand axe of electrocution
 X - a +4 trident
 Y - a +0 blowgun
Missiles
 e - 385 stones
 h - 371 arrows (quivered)
 y - 4 poisoned tomahawks
 B - 50 poisoned needles
 H - 6 javelins
 N - 6 curare-tipped needles
 P - 20 tomahawks
Armour
 m - a scarf of cloud immunity (worn)
 t - a +0 helmet (worn)
 I - a +4 chain mail (worn)
 K - a +0 pair of boots (worn)
Magical Staves
 j - an uncursed staff of wizardry
 n - an uncursed staff of poison
Jewellery
 d - an uncursed ring of protection from cold
 k - an uncursed ring of protection from fire
 o - the ring of Due Proportion (left hand) {Ice +Blink rN+}
   (You found it in an ice cave)

   [ring of ice]

   It enhances your ice magic.
   It makes you vulnerable to fire.
   It protects you from cold.
   It protects you from negative energy.
   It lets you blink.
 x - an uncursed ring of protection from cold
 E - a +4 ring of strength (right hand)
 U - an amulet of magic regeneration (around neck)
Wands
 l - a wand of random effects (24)
 q - a wand of acid (18)
 D - a wand of disintegration (12)
 Q - a wand of flame (20)
Scrolls
 i - 4 scrolls of blinking
 s - 4 scrolls of fog
 v - 4 scrolls of teleportation
 R - 5 scrolls of immolation
Potions
 p - 6 potions of curing
 W - 2 potions of might
Miscellaneous
 Z - a phial of floods
Comestibles
 c - 34 rations
 V - 6 chunks of flesh


   Skills:
 * Level 16.6 Fighting
 - Level 3.2 Long Blades
 * Level 15.8 Axes
 + Level 11.2 Armour
 - Level 2.4 Dodging
 - Level 2.0 Stealth
 * Level 12.0 Invocations


You had one spell level left.
You knew the following spells:

 Your Spells              Type           Power        Failure   Level  Hunger
a - Blink                 Tloc           N/A          97%         2    ###....
b - Conjure Flame         Conj/Fire      #.......     99%         3    ####...
c - Call Imp              Summ           #.......     97%         2    ###....
d - Magic Dart            Conj           #...         90%         1    ##.....
e - Searing Ray           Conj           #.....       97%         2    ###....
f - Slow                  Hex            #.......     97%         2    ###....


Dungeon Overview and Level Annotations

Branches:
Dungeon (15/15)            Temple (1/1) D:7            Lair (2/6) D:9
  Swamp (0/4) Lair:2       Spider (0/4) Lair:2          Orc (0/2) D:10
 Vaults (0/5) D:14         Depths (0/5) D:15

Altars:
Ashenzari
Cheibriados
Dithmenos
Elyvilon
Fedhas
Gozag
Hepliaklqana
Nemelex Xobeh
Okawaru
Qazlal
Ru
Trog
Vehumet
Wu Jian
Xom
Zin
The Shining One

Shops:
D:10 [   D:12 =   D:13 [   D:15 ([

Portals:
Trove: D:10 (give 11 potions of heal wounds)

Annotations:
D:2 12bbE, 2 exclusions
D:4 1 exclusion
D:5 1 exclusion
D:6 1 exclusion
D:7 2 exclusions
D:8 2 exclusions
D:9 2 exclusions
D:10 1 exclusion
D:11 2 exclusions
D:13 2 exclusions
Lair:2 12nEDdaggerofprotrobeS, Nergalle


Message History

The floor.
Unknown command.
Olfik is no longer covered in acid.
Olfik calls down the wrath of Beogh upon the acid dragon.
The acid dragon is smitten.
The acid dragon dies!
Beogh accepts your kill.
The acid dragon scales are intact enough to wear.
Press: ? - help, v - describe, . - travel
Here: a wyvern (lightly wounded)
The floor.
Unknown command.
You fail to use your ability.
The wyvern barely misses you.
Olfik hits the centaur warrior simulacrum but does no damage.
The wyvern bites you.
* * * LOW HITPOINT WARNING * * *
You fail to use your ability.
The centaur warrior simulacrum hits you but does no damage.
The wyvern bites you!
You die...

,,,,,,,,,......8>PP.P8..##.(.....
,,,,,,,,,#(....(........##.......
,,,,,,,,∩#..P8...........#.......
,,,,,,,,,#...........8P#.##.)....
,,,,,,,,,#8.....P....P.#).#...?[.
,,,,,,,,,*#..........8###.#......
,,,,,,,,.###..[P..8..#..#.#......
,,,,,,,,.......o.......8#.#......
,,,,,,,,..............[.#..[#'###
,,,,,,,,........lZ...8)∩.8....###
,,,,,,,,........@....†...........
,,,,**,,...............8.........
,,,,,+g....................(.....
,,,,,#....#......#...............
,,,,,#....#......#......((#(###..
,,,,,#.....##############(.($....
,,,,,#.....#........# #(.......
,,,,,#.....#........# #......$[
,,,,,**+#...........#####.....,*,
,,,,,,*,#......♣...........,,,,,,
,,,,,,*,#................#****,.,


You could see a wyvern, a centaur warrior simulacrum and the friendly Olfik the
orc high priest.

Vanquished Creatures
  A white draconian (IceCv)
  A hydra (D:13)
  2 two-headed ogres
  A tengu warrior (D:12)
  A death yak (IceCv)
  2 unseen horrors
  A skeletal warrior (D:15)
  Pikel (D:4)
  An ugly thing (D:13)
  A necromancer (D:15)
  A wolf spider (D:15)
  A centaur zombie (D:6)
  A gargoyle (D:11)
  A spiny frog (Lair:2)
  2 komodo dragons (Lair:1)
  A rime drake (IceCv)
  A queen bee (shapeshifter) (D:14)
  13 polar bears (IceCv)
  4 trolls
  The ghost of malin the Insei, an amateur HuMo (D:4)
  A hippogriff (D:7)
  A meliai zombie (D:14)
  2 shadows
  A wraith (D:14)
  13 yaks
  Menkaure (D:6)
  2 water moccasins (Lair:2)
  An acid dragon (D:12)
  2 orc warriors
  2 porcupines
  2 ice beasts (D:7)
  A phantom (D:4)
  A necrophage (D:9)
  4 ogres
  16 wolves (IceCv)
  10 centaurs
  A crocodile (D:13)
  A big kobold (shapeshifter) (D:13)
  A crocodile (shapeshifter) (D:15)
  A big kobold (D:12)
  7 bullfrogs
  A wyvern zombie (D:9)
  2 water moccasin zombies (Ossuary)
  8 scorpions
  3 wights
  An electric eel (D:9)
  3 crimson imps
  2 bullfrog zombies
  2 jellies
  2 bullfrog skeletons (D:7)
  2 orc priests
  6 hounds
  3 iguanas
  8 orc wizards
  7 worker ants
  A big kobold zombie (Ossuary)
  2 mummies (Ossuary)
  A howler monkey skeleton (D:4)
  4 adders
  8 gnolls
  4 river rats (D:5)
  3 shadow imps
  5 adder zombies
  4 worms
  2 dart slugs
  A leopard gecko (D:3)
  24 orcs
  A ball python (D:3)
  5 giant cockroaches
  A gnoll zombie (Ossuary)
  3 goblins
  11 hobgoblins
  2 jackals (D:5)
  3 quokkas
  5 bats
  5 frilled lizards
  A giant cockroach zombie (D:5)
  6 hobgoblin zombies (Ossuary)
  A jackal zombie (D:5)
  15 kobolds
  6 kobold zombies (Ossuary)
  8 orc zombies (Ossuary)
  6 rats
297 creatures vanquished.

Vanquished Creatures (collateral kills)
  Frances (D:14)
  A fire dragon (D:14)
  Josephine (D:11)
  A hydra (Lair:2)
  5 two-headed ogres
  Erica (D:11)
  An ogre mage (D:14)
  A vampire mage (D:15)
  A tengu warrior (D:12)
  A spark wasp zombie (D:15)
  A skeletal warrior (D:15)
  An unseen horror (D:12)
  A tengu zombie (D:15)
  A stone giant zombie (D:15)
  2 deep elf magi (D:13)
  6 ugly things
  3 cyclopes
  A black mamba (shapeshifter) (D:15)
  A black mamba (Lair:1)
  A spiny frog (Lair:1)
  The ghost of Xenophilius the Grave Robber, a novice GnNe (D:8)
  A gargoyle (D:14)
  An efreet (D:14)
  A hornet (Lair:2)
  3 blink frogs (Lair:1)
  7 hippogriffs
  An ice dragon zombie (D:15)
  4 wraiths
  A spriggan (D:7)
  3 wyverns
  A vampire (D:12)
  9 yaks
  2 acid dragons (D:15)
  A swamp drake (D:10)
  3 orc warriors
  5 sky beasts
  A phantom (D:7)
  5 wolves (Lair:1)
  3 black bears
  5 ogres
  8 centaurs
  4 crocodiles (Lair:1)
  2 big kobolds
  7 bullfrogs
  An electric eel (D:9)
  5 wights
  2 crimson imps
  2 centaur zombies
  2 jellies
  A quasit (D:11)
  3 orc priests
  A bullfrog skeleton (D:9)
  4 hounds
  2 centaur skeletons
  An iguana (Lair:2)
  5 orc wizards
  3 worker ants
  4 worker ant zombies
  3 adders
  2 shadow imps
  An adder skeleton (D:8)
  A worm (Lair:2)
  7 orcs
  2 giant cockroaches
  2 goblins (D:14)
  6 jackals (D:7)
  A quokka (D:8)
  14 kobolds
186 creatures vanquished.

Vanquished Creatures (others)
  An orc high priest (D:14)
  3 orc warriors
  3 yaks (IceCv)
  2 slaves (D:4)
  2 wolves (IceCv)
  4 orc wizards
  3 orc priests
  An iguana (Lair:2)
  A shadow imp (D:11)
  29 orcs
  A fungus (Lair:2)
  4 plants
54 creatures vanquished.

Grand Total: 537 creatures vanquished

Notes
Turn   | Place    | Note
-------+----------+-------------------------------------------
     0 | D:1      | CALLOUS the Hill Orc Monk began the quest for the Orb.
     0 | D:1      | Reached XP level 1. HP: 19/19 MP: 1/1
   315 | D:1      | Reached skill level 4 in Fighting
   427 | D:1      | Reached XP level 2. HP: 27/27 MP: 2/2
  1433 | D:1      | Reached skill level 5 in Fighting
  1433 | D:1      | Reached XP level 3. HP: 36/36 MP: 3/3
  1952 | D:2      | Found an opulent altar of Gozag.
  2614 | D:3      | Found a shimmering altar of Xom.
  2614 | D:3      | Found a glowing golden altar of the Shining One.
  2614 | D:3      | Found a white marble altar of Elyvilon.
  2614 | D:3      | Found a stormy altar of Qazlal.
  2614 | D:3      | Found a sacrificial altar of Ru.
  2614 | D:3      | Found an iron altar of Okawaru.
  2615 | D:3      | Found a glowing silver altar of Zin.
  3388 | D:3      | Reached XP level 4. HP: 30/42 MP: 4/4
  3841 | D:3      | Reached skill level 1 in Axes
  4014 | D:3      | Reached skill level 6 in Fighting
  4313 | D:3      | Found a shattered altar of Ashenzari.
  4419 | D:3      | Noticed a black bear
  5075 | D:3      | Reached XP level 5. HP: 46/50 MP: 5/5
  6403 | D:4      | Noticed Pikel
  6403 | D:4      | Noticed a slave
  6403 | D:4      | Noticed a slave
  6403 | D:4      | Noticed a slave
  6403 | D:4      | Noticed a slave
  6403 | D:4      | Noticed malin's ghost (amateur HuMo)
  6792 | D:4      | Became a worshipper of Beogh the Brigand
  6792 | D:4      | Reached * piety under Beogh
  6792 | D:4      | Reached ** piety under Beogh
  6849 | D:4      | Reached skill level 7 in Fighting
  7050 | D:4      | Reached skill level 1 in Invocations
  7050 | D:4      | Reached XP level 6. HP: 60/60 MP: 6/6
  7284 | D:4      | Killed Pikel
  7284 | D:4      | Reached skill level 9 in Fighting
  7284 | D:4      | Reached skill level 1 in Armour
  7284 | D:4      | Reached XP level 7. HP: 70/70 MP: 6/9
  7869 | D:5      | Entered Level 5 of the Dungeon
  7877 | D:5      | Reached XP level 8. HP: 74/78 MP: 10/10
  8692 | D:5      | Found a shadowy altar of Dithmenos.
  8911 | D:5      | Reached skill level 5 in Axes
  9927 | D:6      | Reached skill level 10 in Fighting
  9927 | D:6      | Reached XP level 9. HP: 53/85 MP: 12/12
 10714 | D:6      | Reached skill level 5 in Invocations
 10808 | D:6      | Noticed Menkaure
 10812 | D:6      | Killed Menkaure
 11243 | D:4      | Killed malin's ghost
 11541 | D:7      | Found a staircase to the Ecumenical Temple.
 11578 | D:7      | Reached skill level 11 in Fighting
 11585 | Temple   | Entered the Ecumenical Temple
 11724 | D:7      | Found a sand-covered staircase.
 11750 | D:7      | Reached *** piety under Beogh
 11770 | Ossuary  | Entered an ossuary
 11995 | Ossuary  | Reached skill level 5 in Armour
 12295 | D:7      | Reached XP level 10. HP: 72/96 MP: 14/14
 12295 | D:7      | Gained Olfik as an ally
 12408 | D:7      | Reached skill level 10 in Axes
 12409 | D:7      | Reached **** piety under Beogh
 12576 | D:7      | Found a radiant altar of Vehumet.
 12768 | D:7      | Found a shadowy altar of Dithmenos.
 13157 | D:7      | Found a blossoming altar of Fedhas.
 13160 | D:7      | Found a bloodstained altar of Trog.
 13163 | D:7      | Found a sparkling altar of Nemelex Xobeh.
 13597 | D:8      | Noticed Xenophilius's ghost (novice GnNe)
 13612 | D:8      | Killed Xenophilius's ghost
 13830 | D:8      | Found an ornate altar of the Wu Jian Council.
 13896 | D:8      | Found a hazy altar of Hepliaklqana.
 13927 | D:8      | Noticed a two-headed ogre
 13962 | D:8      | Killed a two-headed ogre
 14807 | D:9      | Learned a level 2 spell: Blink
 14811 | D:9      | Learned a level 3 spell: Conjure Flame
 14814 | D:9      | Learned a level 2 spell: Call Imp
 14816 | D:9      | Learned a level 1 spell: Magic Dart
 15042 | D:9      | Found a staircase to the Lair.
 15169 | D:9      | Found a snail-covered altar of Cheibriados.
 15904 | D:9      | Reached skill level 12 in Fighting
 16181 | Lair:1   | Entered Level 1 of the Lair of Beasts
 16412 | Lair:1   | Reached XP level 11. HP: 78/104 MP: 16/16
 16527 | Lair:1   | Found a frozen archway.
 16533 | IceCv    | Entered an ice cave
 17635 | IceCv    | Noticed a death yak
 17694 | IceCv    | Killed a death yak
 18355 | IceCv    | Reached skill level 13 in Fighting
 19265 | IceCv    | Noticed a white draconian
 20791 | IceCv    | Killed a white draconian
 20791 | IceCv    | Reached XP level 12. HP: 14/115 MP: 18/18
 20950 | IceCv    | Got a pitted pewter ring
 21187 | D:9      | Identified the ring of Due Proportion {Ice +Blink rN+} (You found it in an ice cave)
 21737 | Lair:1   | Learned a level 2 spell: Searing Ray
 22266 | Lair:2   | Reached skill level 14 in Fighting
 22500 | Lair:2   | Found a hole to the Spider Nest.
 22513 | Lair:2   | Paralysed by a hornet for 1 turns
 22514 | Lair:2   | Reached ***** piety under Beogh
 22931 | Lair:2   | Found a staircase to the Swamp.
 22931 | Lair:2   | Noticed a five-headed hydra
 22935 | Lair:2   | Noticed Nergalle
 23249 | D:10     | Entered Level 10 of the Dungeon
 23499 | D:10     | Found a staircase to the Orcish Mines.
 24014 | D:10     | Found Gerchal's Armour Shoppe.
 24370 | D:10     | Found a portal to a secret trove of treasure.
 24518 | D:11     | Noticed Josephine
 24564 | D:11     | Noticed Erica
 24782 | D:10     | Reached skill level 10 in Armour
 25844 | D:11     | Noticed a two-headed ogre
 25851 | D:10     | Killed a two-headed ogre
 26131 | D:11     | Killed Josephine
 26350 | D:12     | Noticed a tengu warrior
 26353 | D:12     | Noticed a tengu warrior
 26364 | D:12     | Killed a tengu warrior
 26374 | D:12     | Found Coriomis's Jewellery Shop.
 26376 | D:12     | Reached skill level 10 in Invocations
 26380 | D:12     | Killed a tengu warrior
 26380 | D:12     | Reached skill level 15 in Fighting
 26442 | D:12     | Reached XP level 13. HP: 32/126 MP: 20/20
 27028 | D:12     | Got a transparent halberd
 27576 | D:9      | Identified the +7 halberd of Cheese {antimagic, rElec} (You found it on level 12 of the Dungeon)
 27636 | D:9      | Learned a level 2 spell: Slow
 27709 | D:11     | Killed Erica
 28010 | D:11     | Gained Warbeogh as an ally
 28030 | D:11     | Reached skill level 15 in Axes
 29913 | D:13     | Found Uzebas's Antique Armour Shoppe.
 29916 | D:13     | Bought a citrine-encrusted ring mail for 306 gold pieces
 30267 | D:9      | Identified the +2 ring mail of Zuniub {rF+ rCorr} (You bought it in a shop on level 13 of the Dungeon)
 30516 | D:14     | Found a gate to the Vaults.
 30526 | D:14     | Your ally Warbeogh died
 30533 | D:14     | Noticed Frances
 30552 | D:14     | Killed Frances
 30552 | D:14     | Reached skill level 16 in Fighting
 30575 | D:14     | HP: 5/128 [orc warrior/scimitar (7)]
 30662 | D:14     | Found a flickering gateway to a bazaar.
 31272 | D:14     | Noticed a fire dragon
 31291 | D:14     | Killed a fire dragon
 32141 | D:15     | Entered Level 15 of the Dungeon
 32154 | D:15     | Found Koxue's Antique Weapon Shop.
 32294 | D:15     | Found Fenelav's Armour Shop.
 32412 | D:15     | Reached XP level 14. HP: 23/138 MP: 22/22
 32479 | D:15     | Found a staircase to the Depths.
 32496 | D:15     | HP: 5/138 [wyvern (6)]
 32497 | D:15     | Mangled by a wyvern

Skill      XL: |  1  2  3  4  5  6  7  8  9 10 11 12 13 14 |
---------------+-------------------------------------------+-----
Fighting       | 4 5 6 7 9 10 11 12 13 15 16 | 16.6
Stealth        | 2 |  2.0
Axes           | 1 2 4 7 9 11 13 14 15 | 15.8
Invocations    | 1 2 3 4 5 7 8 10 11 12 | 12.0
Armour         | 1 3 5 7 9 10 11 | 11.2
Long Blades    | |  3.2
Dodging        | |  2.4

Action                   |  1- 3 |  4- 6 |  7- 9 | 10-12 | 13-15 || total
-------------------------+-------+-------+-------+-------+-------++-------
Melee: Falchion          |   147 |   109 |       |       |       ||   256
       Hand axe          |       |    36 |   291 |   437 |    10 ||   774
       Whip              |       |    17 |    39 |     1 |       ||    57
       Halberd           |       |       |    28 |    22 |     3 ||    53
       Shortbow          |       |       |       |     2 |       ||     2
       Trident           |       |       |       |     1 |    27 ||    28
       Battleaxe         |       |       |       |    47 |    44 ||    91
       Staff             |       |       |       |     7 |    10 ||    17
       Longbow           |       |       |       |     2 |     3 ||     5
       Scimitar          |       |       |       |       |     5 ||     5
       Flail             |       |       |       |       |     1 ||     1
 Fire: Shortbow          |       |       |    56 |    92 |       ||   148
       Longbow           |       |       |       |    79 |   114 ||   193
       Blowgun           |       |       |       |       |    11 ||    11
Throw: Stone             |     7 |   116 |    76 |    43 |     9 ||   251
       Tomahawk          |       |     7 |    27 |    52 |     4 ||    90
       Javelin           |       |       |       |    43 |     2 ||    45
 Cast: Magic Dart        |       |       |       |       |     2 ||     2
Invok: Convert to Beogh  |       |     1 |       |       |       ||     1
       Recall Orcish Fol |       |       |       |    26 |    19 ||    45
       Smiting           |       |       |       |     5 |     2 ||     7
       Stop Recall       |       |       |       |     6 |       ||     6
 Abil: Evoke Blink       |       |       |       |     1 |     4 ||     5
Evoke: Wand              |       |       |     2 |    11 |     2 ||    15
  Use: Scroll            |       |       |    10 |     2 |     6 ||    18
 Stab: Sleeping          |     3 |     1 |       |       |       ||     4
       Distracted        |       |       |       |     5 |     3 ||     8
  Eat: Chunk             |     6 |    11 |    13 |    44 |    15 ||    89
       Ration            |       |     1 |     1 |       |     1 ||     3
Armor: Robe              |    17 |    24 |       |       |       ||    41
       Scale mail        |       |    15 |   110 |   254 |       ||   379
       Ring mail         |       |       |       |   112 |    86 ||   198
       Chain mail        |       |       |       |       |    24 ||    24
Dodge: Dodged            |    99 |   100 |   123 |   454 |    96 ||   872
       Rpst.: Falchion   |    29 |    20 |       |       |       ||    49
       Scimitar          |       |       |       |       |     1 ||     1
